 Dungeon Crawl Stone Soup version 0.30-a0-576-g89cddaab80 (webtiles) character file.

Game seed: 18412075673853649628

579 DSscumlord the Sneak (level 7, -13/50 HPs)
             Began as a Demonspawn Wanderer on Dec 31, 2022.
             Killed by divine providence
             ... invoked by an orc priest
              (15 damage)
             ... on level 4 of the Dungeon.
             The game lasted 00:07:47 (3427 turns).

DSscumlord the Sneak (Demonspawn Wanderer)          Turns: 3427, Time: 00:07:48

Health: -13/50     AC:  9    Str: 10    XL:     7   Next: 13%
Magic:  8/8        EV: 12    Int: 12    God:
Gold:   82         SH:  4    Dex: 18    Spells: 8/8 levels left

rFire   . . .      SeeInvis .    w - +1 dagger (elec)
rCold   . . .      Faith    .    (no shield)
rNeg    . . .      Spirit   .    m - +2 robe
rPois   .          Reflect  .    (no helmet)
rElec   .          Harm     .    c - +0 cloak
rCorr   .          Rampage  .    (no gloves)
Will    .....                    (no boots)
Stlth   +++                      (no amulet)
HPRegen 0.28/turn                (no ring)
MPRegen 0.11/turn                (no ring)

@: no status effects
A: claws 2, icemail 1, powered by death 1, condensation shield
a: no special abilities


You were on level 4 of the Dungeon.
You visited 1 branch of the dungeon, and saw 4 of its levels.
You also visited: Sewer.

You collected 82 gold pieces.


Innate Abilities, Weirdness & Mutations

You have very sharp fingernails.
A meltable icy envelope protects you from harm. (AC +4)
You regenerate a little health from kills.
A meltable shield of frost defends you. (SH +4)


   Skills:
 - Level 2.0 Fighting
 - Level 3.6 Short Blades
 - Level 1.0 Dodging
 - Level 5.0 Stealth
 + Level 4.8 Unarmed Combat
 - Level 1.0 Spellcasting
 - Level 1.2 Invocations
 - Level 1.0 Evocations


You had 8 spell levels left.
You didn't know any spells.
Your spell library contained the following spells:

 Spells                   Type           Power      Damage    Failure   Level
 Necrotise                Necr           0%         1d4       30%         1
 Dazzling Flash           Conj/Hex       0%         N/A       65%         3
 Vampiric Draining        Necr           0%         2d6       65%         3
 Agony                    Necr           0%         N/A       100%        5
 Silence                  Hex/Air        0%         N/A       100%        5

Inventory:

Hand Weapons
 a - the +4 dagger "Morg" {pain, Will+ Int+5}
   (You found it on level 3 of the Dungeon)

   In the hands of one skilled in necromantic magic, it inflicts extra damage on
   living creatures.
   Int:       It affects your intelligence (+5).
   Will:      It increases your willpower.
 w - a +1 dagger of electrocution (weapon)
   (You took it off a goblin on level 1 of the Dungeon)
Missiles
 k - 41 stones (quivered)
 q - 7 poisoned darts
 r - 2 curare-tipped darts {=f}
 v - 5 boomerangs
Armour
 c - a +0 cloak (worn)
 e - a +0 robe
 m - a +2 robe (worn)
   (You took it off Jessica on level 2 of the Dungeon)
Jewellery
 F - a ring of protection from fire
   (You found it on level 4 of the Dungeon)
Wands
 n - a wand of flame (15)
   (You took it off Jessica on level 2 of the Dungeon)
 B - a wand of mindburst (7)
   (You found it on level 4 of the Dungeon)
 D - a wand of acid (10)
   (You found it on level 4 of the Dungeon)
 E - a wand of polymorph (8)
   (You found it on level 4 of the Dungeon)
Scrolls
 d - a scroll of summoning
 g - 2 scrolls of identify {@r1}
 h - 2 scrolls of silence {unknown}
 s - a scroll of blinking {!r}
 u - a scroll of enchant weapon
 y - a scroll of vulnerability {unknown}
 z - a scroll of noise {unknown}
 A - a scroll of fog
 C - a scroll of immolation {unknown}
Potions
 b - 2 potions of lignification {!q}
 f - 2 potions of brilliance {unknown}
 i - a potion of resistance {unknown}
 j - 4 potions of haste {unknown}
 l - 2 potions of mutation {unknown}
 o - 2 potions of heal wounds {unknown}
 p - a potion of curing {unknown}
 t - a potion of might {unknown}
 x - a potion of cancellation {unknown}

Dungeon Overview and Level Annotations

Branches:
Dungeon (4/15) Zot: 21663   Sewer (visited)
 Temple: D:4-7

Altars:
Ashenzari

Shops:
D:1

= #.###.## ##.#####
##...## #####
##.....##
#...####......)####
#.............).).#
#...####......)##.#
# ##.##
#......###.# .##.
#@# #..#...# #.#
#.... #{#
#.###..###.#
#..ool##o#
#..#.#......
#...oo.oS#
#.#.#####.#.
#....o#### #.#.#
#.### #....
##.#.####).#. .###
#######.........#.#
..................#
######.##..#######


You could see an orc priest, an orc and a ball python.


Message History

Something hits you but does no damage.
You closely miss something.
You hear some strange, mumbled words.
Something tries to affect you, but you resist. 😮 HP[+1]
You miss something.
You feel less confused. Something hits you. 😮 HP[-2]
You take 2 damage, and now have 33/50 hp.
You hit something but do no damage.
The orc priest miscasts a cantrip.
Something barely misses you.
You hit something. Lightning courses through something!!
Reactivating autopickup.
You feel a bit more experienced.
The orc wizard mumbles some strange words.
The orc wizard flickers and vanishes!
Deactivating autopickup; reactivate with Ctrl-A.
You hear an angry hiss. 😮 HP[+1]
You hit the orc priest but do no damage. 😮 HP[+1] Unknown command.
You barely miss the orc priest.
The orc priest barely misses you. 😮 HP[+1]
You barely miss the orc priest.
The orc priest hits you but does no damage.
The orc priest invokes the aid of Beogh against you.
Beogh smites you!
* * * LOW HITPOINT WARNING * * *
You hear an angry hiss. 😨 HP[-13]
You take 13 damage, and now have 23/50 hp.
MASSIVE DAMAGE!! (PAUSE)
You hit the orc priest but do no damage.
The orc priest hits you with a +0 dagger.
* * * LOW HITPOINT WARNING * * *
A ball python comes into view. 😨 HP[-1]
You take 1 damage, and now have 22/50 hp.
You hit the orc priest.
You claw the orc priest, but do no damage.
The orc priest hits you with a +0 dagger.
* * * LOW HITPOINT WARNING * * *
The orc priest casts a cantrip, but nothing happens. 😨 HP[-3]
You take 3 damage, and now have 19/50 hp.
You closely miss the orc priest. 😨 HP[+1]
You hit the orc priest but do no damage.
You claw the orc priest.
The orc priest hits you but does no damage.
You closely miss the orc priest.
The orc priest begins to cast a cantrip, but forgets the words!
You closely miss the orc priest. The orc priest closely misses you.
You hit the orc priest but do no damage.
Lightning courses through the orc priest!
You kill the orc priest!
You barely miss something. 😨 HP[+1]
You hit something but do no damage. Something hits you.
* * * LOW HITPOINT WARNING * * *
😨 HP[-1]
You take 1 damage, and now have 20/50 hp.
You hit something but do no damage. Something hits you but does no damage.
You hit something. Something hits you but does no damage.
You closely miss something. Something hits you.
* * * LOW HITPOINT WARNING * * *
You hit something. Something hits you.
* * * LOW HITPOINT WARNING * * *
😨 HP[-1]
You take 1 damage, and now have 19/50 hp.
You hit something. You claw something. You completely miss something.
Something barely misses you.
The orc priest casts a cantrip, but nothing happens.
You miss something. Something barely misses you. 😨 HP[+1]
You miss something. Something hits you.
* * * LOW HITPOINT WARNING * * *
The orc priest calls down the wrath of Beogh upon you.
Beogh smites you!
* * * LOW HITPOINT WARNING * * *
😱 HP[-14]
You take 14 damage, and now have 6/50 hp.
MASSIVE DAMAGE!! (PAUSE)
You closely miss something. Something hits you but does no damage.
You barely miss something. You barely miss something. Something hits you.
* * * LOW HITPOINT WARNING * * *
😱 HP[-2]
You take 2 damage, and now have 4/50 hp.
You miss something. Something hits you.
* * * LOW HITPOINT WARNING * * *
😱 HP[-2]
You take 2 damage, and now have 2/50 hp.
You barely miss something. Something hits you but does no damage.
The orc priest invokes the aid of Beogh against you.
Beogh smites you!
You die...

Skill      XL: |  1  2  3  4  5  6 |
---------------+-------------------+-----
Fighting       | 2 |  2.0
Stealth        | 2 3 4 5 |  5.0
Unarmed Combat | 3 4 |  4.8
Short Blades   | |  3.6
Dodging        | |  1.0
Spellcasting   | |  1.0
Invocations    | |  1.2
Evocations     | |  1.0

Action                   |  1- 3 |  4- 6 |  7- 9 || total
-------------------------+-------+-------+-------++-------
Melee: Short sword       |    68 |       |       ||    68
       Dagger            |    17 |   283 |    48 ||   348
       Punch             |       |     8 |     4 ||    12
Throw: Dart              |       |     4 |       ||     4
       Stone             |       |     1 |       ||     1
  Use: Scroll            |       |     3 |       ||     3
 Stab: Sleeping          |     2 |     7 |       ||     9
       Distracted        |     1 |       |       ||     1
Armor: Robe              |    20 |    70 |    18 ||   108
Dodge: Dodged            |    45 |   146 |    13 ||   204
Block: Other             |       |    41 |     4 ||    45

Levels and vault maps discovered:
D:1:      evilmike_arrival_hilbert_curve, layout_basic, serial_shops,
          nicolae_lakefront_shop, grunt_decor_arrowhead
D:2:      layout_basic, palyth_stone_intersect, minivault_11,
          minmay_pentomino_p4, uniq_jessica
D:3:      layout_basic, nicolae_ashenzari_skybound, portal_sewer_entry_d,
          dilly_guarded_unrand_morg
D:4:      layout_loops_ring

Notes
Turn   | Place    | Note
-------+----------+-------------------------------------------
     0 | D:1      | DSscumlord the Demonspawn Wanderer began the quest for the
                  | Orb.
     0 | D:1      | DSscumlord set off with the following items: a +2 short
                  | sword, a potion of lignification {!q}, a +0 cloak, a scroll
                  | of summoning, a +0 robe.
     0 | D:1      | Reached XP level 1. HP: 15/15 MP: 2/2
     0 | D:1      | magus.rc [v1.11.2]
   171 | D:1      | Gained mutation: You have sharp fingernails. [demonic
                  | ancestry]
   171 | D:1      | Reached XP level 2. HP: 21/22 MP: 3/3
   216 | D:1      | Reached skill level 2 in Fighting
   241 | D:1      | Reached skill level 1 in Stealth
   443 | D:1      | Reached skill level 2 in Stealth
   446 | D:1      | Gained mutation: You have very sharp fingernails. [demonic
                  | ancestry]
   446 | D:1      | Reached XP level 3. HP: 10/27 MP: 4/4
   449 | D:1      | HP: 6/27 [quokka (2)]
   848 | D:1      | Found Fapepp's Jewellery Boutique.
  1006 | D:2      | Noticed Jessica
  1012 | D:2      | Killed Jessica
  1045 | D:2      | Gained mutation: A meltable shield of frost defends you.
                  | (SH +4) [demonic ancestry]
  1045 | D:2      | Reached XP level 4. HP: 33/33 MP: 5/5
  1092 | D:2      | You fall into a shaft and drop 1 floor!
  1094 | D:3      | Found a broken altar of Ashenzari.
  1123 | D:3      | Reached skill level 2 in Unarmed Combat
  1200 | D:3      | Reached skill level 3 in Stealth
  1302 | D:3      | Found a glowing drain.
  1312 | Sewer    | Entered a sewer
  1663 | Sewer    | Noticed a kobold brigand
  1678 | Sewer    | Killed a kobold brigand
  1679 | Sewer    | Reached skill level 3 in Unarmed Combat
  1679 | Sewer    | Reached XP level 5. HP: 36/38 MP: 6/6
  1763 | Sewer    | HP: 8/38 [kobold brigand/+0 short sword (6)]
  1767 | Sewer    | Reached skill level 4 in Stealth
  1767 | Sewer    | Gained mutation: A meltable icy envelope protects you from
                  | harm. (AC +4) [demonic ancestry]
  1767 | Sewer    | Reached XP level 6. HP: 10/44 MP: 7/7
  2891 | D:3      | Noticed Natasha
  2901 | D:3      | Killed Natasha
  2959 | D:3      | Found the +4 dagger "Morg" {pain, Will+ Int+5}
  2973 | D:3      | You pick up a book of Necromancy and begin reading...
  2973 | D:3      | You add the spells Necrotise, Vampiric Draining and Agony
                  | to your library.
  3088 | D:3      | Noticed Natasha
  3100 | D:3      | Killed Natasha
  3101 | D:3      | Reached skill level 4 in Unarmed Combat
  3105 | D:3      | Noticed Natasha
  3114 | D:3      | Killed Natasha
  3231 | D:4      | Reached skill level 5 in Stealth
  3249 | D:4      | Gained mutation: You regenerate a little health from kills.
                  | [demonic ancestry]
  3249 | D:4      | Reached XP level 7. HP: 50/50 MP: 8/8
  3249 | D:4      | You pick up a book of the Senses and begin reading...
  3249 | D:4      | You add the spells Dazzling Flash and Silence to your
                  | library.
  3422 | D:4      | HP: 6/50 [orc priest/divine providence (13)]
  3426 | D:4      | HP: 2/50 [something (3)]
  3427 | D:4      | Killed from afar by an orc priest

Vanquished Creatures
  2 kobold brigands (Sewer)
  2 hounds (D:4)
  An orc priest (D:4)
  Jessica (D:2)
  Natasha (thrice) (D:3)
  2 orc wizards
  A scorpion simulacrum (D:3)
  4 adders
  4 river rats (Sewer)
  A hound simulacrum (D:3)
  2 adder zombies (D:3)
  A worm (D:2)
  3 dart slugs
  6 orcs
  7 ball pythons
  8 bats
  8 endoplasms
  A giant cockroach (D:2)
  9 goblins
  3 hobgoblins
  8 jackals
  7 kobolds
  3 quokkas
  A ball python skeleton (D:3)
  4 frilled lizards
  7 rats
  A spectral ball python (D:3)
100 creatures vanquished.

Vanquished Creatures (others)
  6 plants (Sewer)
  22 withered plants (D:3)
28 creatures vanquished.

Grand Total: 128 creatures vanquished

Table legend:
 A = Non-vault XP
 B = Vault XP
 C = Vault XP percentage of total XP
 D = Non-vault monster count
 E = Vault monster count
 F = Vault count percentage of total count
                 A         B        C        D         E       F
            +---------+---------+-------+---------+---------+-------
      Total |     402 |     426 |  51.4 |      68 |      32 |  32.0
            +---------+---------+-------+---------+---------+-------
        D:1 |      48 |       0 |   0.0 |      25 |       0 |   0.0
        D:2 |      18 |      37 |  67.3 |      10 |       1 |   9.1
        D:3 |     158 |      96 |  37.8 |      23 |       8 |  25.8
        D:4 |     178 |       0 |   0.0 |      10 |       0 |   0.0
      Sewer |       0 |     293 | 100.0 |       0 |      23 | 100.0
            +---------+---------+-------+---------+---------+-------

Illustrated notes

Table legend:
 A = Kills in this place as a percentage of kills in entire the game.
 B = Kills by you in this place as a percentage of kills by you in the entire game.
 C = Kills by friends in this place as a percentage of kills by friends in the entire game.
 D = Other kills in this place as a percentage of other kills in the entire game.
 E = Experience gained in this place as a percentage of experience gained in the entire game.
 F = Experience gained in this place divided by the number of levels of this place that you have seen.
                   A       B       C       D       E      F
               +-------+-------+-------+-------+-------+----------------------
         Total | 100.0 | 100.0 |   N/A |   N/A | 100.0 | 165.6
       Dungeon |  77.0 |  77.0 |   N/A |   N/A |  64.6 | 133.8
         Sewer |  23.0 |  23.0 |   N/A |   N/A |  35.4 | 293.0
               +-------+-------+-------+-------+-------+----------------------

Table legend: (Time is in decaauts)
 A = Elapsed time spent in this place.
 B = Non-inter-level travel time spent in this place.
 C = Inter-level travel time spent in this place.
 D = Time resting spent in this place.
 E = Time spent auto-exploring this place.
 F = Levels seen in this place.
 G = Mean time per level.
                   A        B        C        D        E       F      G
               +--------+--------+--------+--------+--------+-----+--------+
         Total |   3514 |   3505 |      9 |    343 |   2110 |   5 |  702.8 |
       Dungeon |   2335 |   2326 |      9 |     82 |   1531 |   4 |  583.8 |
         Sewer |   1179 |   1179 |      0 |    261 |    579 |   1 | 1179.0 |
               +--------+--------+--------+--------+--------+-----+--------+

Top non-repeatable levels by time:
   Sewer: 1179 daAuts
     D:3: 1016 daAuts
     D:1: 909 daAuts
     D:4: 244 daAuts
     D:2: 165 daAuts
